 Dungeon Crawl Stone Soup version 0.23.2 (webtiles) character file.

Game seed: 9848582160743456240

568596 Illumine the Sorcerer (level 25, -1/152 HPs)
             Began as a Deep Elf Enchanter on Oct 18, 2019.
             Was a High Priest of Sif Muna.
             Killed from afar by an orb of fire (27 damage)
             ... with a fireball
             ... on level 5 of the Realm of Zot on Oct 22, 2019.
             The game lasted 08:48:39 (103057 turns).

Illumine the Sorcerer (Deep Elf Enchanter)        Turns: 103057, Time: 08:48:41

Health: -1/152     AC: 20    Str: 10    XL:     25   Next: 1%
Magic:  1/50       EV: 28    Int: 27    God:    Sif Muna [*****.]
Gold:   7898       SH: 14    Dex: 18    Spells: 3/66 levels left

rFire    + + +     SeeInvis +   a - staff of wizardry
rCold    + . .     Gourm    .   Z - +2 buckler
rNeg     + . .     Faith    .   U - +2 robe {Archmagi}
rPois    +         Spirit   .   B - +2 helmet {SInv}
rElec    +         Reflect  +   o - +4 dragonskin cloak
rCorr    +         Harm     .   N - +4 pair of gloves "Xutalug" {rElec rCorr Dex+2}
MR       ++++.     Rnd*Rage +   D - +1 pair of boots
Stlth    +++.......             E - amulet "Nuibbiv" {Reflect +Inv rElec Dex+3 SH+6}
HPRegen  0.35/turn              h - ring of Liberty {rElec rPois rF+ MR+}
MPRegen  0.32/turn              x - ring of Roskas {*Drain rF+ MR+ Str+5 SInv}

@: about to teleport
A: slimy green scales 1, berserk 1, clumsy 1, cold resistance 1, deformed body,
dopey 2, weak 1
}: 4/15 runes: barnacled, slimy, silver, gossamer
a: Divine Energy, Channel Magic, Forget Spell, Renounce Religion, Evoke
Invisibility


You were on level 5 of the Realm of Zot.
You worshipped Sif Muna.
Sif Muna was extremely pleased with you.
You were near starving.

You visited 11 branches of the dungeon, and saw 55 of its levels.
You visited the Abyss 1 time.
You also visited: Wizlab and Desolation.

You collected 9094 gold pieces.
You spent 1196 gold pieces at shops.

Inventory:

Hand Weapons
 b - the +7 rapier of Amorality {elec, rElec rPois rN+ Stlth-}
   (You found it on level 1 of the Depths)

   Occasionally, upon striking a foe, it will discharge some electrical energy
   and cause terrible harm.
   It insulates you from electricity.
   It protects you from poison.
   It protects you from negative energy.
   It makes you less stealthy.
Armour
 o - the +4 dragonskin cloak (worn)
   (You took it off Tiamat on level 1 of the Realm of Zot)
 B - a +2 helmet of see invisible (worn)
 D - a +1 pair of boots (worn)
 N - the +4 pair of gloves "Xutalug" (worn) {rElec rCorr Dex+2}
   (You found it on level 2 of the Elven Halls)

   It affects your dexterity (+2).
   It insulates you from electricity.
   It provides partial protection from all sources of acid and corrosion.
 U - a +2 robe of the Archmagi (worn)
 Z - a +2 buckler (worn)
Magical Staves
 a - an uncursed staff of wizardry (weapon)
 I - an uncursed staff of summoning
Jewellery
 f - the ring of the Modern Blessings {rN+ MR+ Str+4 Stlth+}
   (You took it off a vault guard on level 5 of the Vaults)

   [ring of strength]

   It affects your strength (+4).
   It protects you from negative energy.
   It affects your resistance to hostile enchantments.
   It makes you more stealthy.
 h - the ring of Liberty (left hand) {rElec rPois rF+ MR+}
   (You found it on level 5 of the Pits of Slime)

   [ring of poison resistance]

   It protects you from fire.
   It insulates you from electricity.
   It protects you from poison.
   It affects your resistance to hostile enchantments.
 j - an uncursed ring of protection from fire
 s - an uncursed ring of positive energy
 x - the ring of Roskas (right hand) {*Drain rF+ MR+ Str+5 SInv}
   (You found it on level 4 of the Depths)

   [ring of see invisible]

   It affects your strength (+5).
   It protects you from fire.
   It affects your resistance to hostile enchantments.
   It lets you see invisible.
   It causes draining when unequipped.
 z - an uncursed ring of magical power
 E - the amulet "Nuibbiv" (around neck) {Reflect +Inv rElec Dex+3 SH+6}
   (You acquired it on level 9 of the Dungeon)

   [amulet of reflection]

   It shields you and reflects attacks.
   It affects your dexterity (+3).
   It insulates you from electricity.
   It lets you turn invisible.
   It affects your SH (+6).
 F - an uncursed ring of fire
 G - an uncursed ring of protection from magic
 H - the ring "Bablemit" {Slay+3 SInv Stlth-}
   (You found it on level 3 of the Depths)

   [ring of attention]

   It affects your accuracy and damage with ranged weapons and melee attacks
   (+3).
   It lets you see invisible.
   It makes you less stealthy.
 L - an uncursed ring of flight
 Y - an uncursed ring of protection from cold
Wands
 c - a wand of clouds (9)
 e - a wand of iceblast (35)
 g - a wand of disintegration (92)
 m - a wand of scattershot (8)
 y - a wand of digging (28)
 R - a wand of paralysis (5)
 W - a wand of enslavement (15)
Scrolls
 i - 9 scrolls of fear
 k - 18 scrolls of teleportation
 u - 9 scrolls of blinking
 M - 8 scrolls of identify
 O - 2 scrolls of silence
 P - 2 scrolls of holy word
 Q - 3 scrolls of torment
 S - 4 scrolls of amnesia
 V - 26 scrolls of remove curse
Potions
 l - 3 potions of resistance
 n - 3 potions of magic
 p - 3 potions of haste
 q - 3 potions of cancellation
 r - 7 potions of ambrosia
 v - 9 potions of mutation
 w - 7 potions of flight
 A - 6 potions of heal wounds
 C - 18 potions of curing
 K - 4 potions of agility
Miscellaneous
 t - a phial of floods
 X - 3 phantom mirrors
Comestibles
 d - 23 rations


   Skills:
 - Level 14.0 Fighting
 + Level 9.0(10.2) Short Blades
   Level 7.1(8.9) Long Blades
 + Level 19.5 Dodging
 - Level 4.2 Stealth
 - Level 5.0 Shields
 + Level 21.0 Spellcasting
 + Level 17.4 Conjurations
 - Level 17.2 Hexes
 - Level 10.0 Charms
 - Level 11.2 Summonings
 - Level 15.0 Translocations
   Level 10.0 Fire Magic
 - Level 5.8 Air Magic
 - Level 11.0 Earth Magic
 + Level 14.8 Invocations
 - Level 4.8 Evocations


You had 3 spell levels left.
You knew the following spells:

 Your Spells              Type           Power        Failure   Level  Hunger
a - Corona                Hex            #######      0%          1    None
b - Spellforged Servitor  Conj/Summ      ########..   1%          7    ####...
c - Lee's Rapid Deconstr  Erth           #######...   1%          5    None
d - Summon Small Mammal   Summ           ####         0%          1    None
e - Controlled Blink      Tloc           N/A          8%          8    #####..
f - Discord               Hex            ########..   3%          8    #####..
g - Iron Shot             Conj/Erth      ########..   1%          6    None
h - Swiftness             Chrm/Air       #######.     1%          2    None
i - Deflect Missiles      Chrm/Air       #######...   3%          6    None
j - Orb of Destruction    Conj           ########..   1%          7    ####...
k - Apportation           Tloc           ######       0%          1    None
l - Blink                 Tloc           N/A          0%          2    None
m - Summon Butterflies    Summ           #######.     0%          1    None
n - Lehudib's Crystal Sp  Conj/Erth      ########..   11%         8    #####..

Your spell library contained the following spells:

 Spells                   Type           Power        Failure   Level  Hunger
 Confusing Touch          Hex            ######       0%          1    None
 Flame Tongue             Conj/Fire      #####        0%          1    None
 Infusion                 Chrm           ####         0%          1    None
 Magic Dart               Conj           ####         0%          1    None
 Sandblast                Erth           ######       0%          1    None
 Shock                    Conj/Air       ####         0%          1    None
 Call Imp                 Summ           #######.     0%          2    None
 Searing Ray              Conj           ######       0%          2    None
 Shroud of Golubria       Chrm/Tloc      #######...   0%          2    None
 Slow                     Hex            ########     0%          2    None
 Throw Flame              Conj/Fire      ######       0%          2    None
 Confuse                  Hex            ########     0%          3    None
 Conjure Flame            Conj/Fire      ########     0%          3    None
 Dazzling Spray           Conj/Hex       ######       0%          3    None
 Gell's Gravitas          Tloc           ########..   0%          3    None
 Inner Flame              Hex/Fire       ########     0%          3    None
 Lesser Beckoning         Tloc           ########..   0%          3    None
 Portal Projectile        Hex/Tloc       ######       0%          3    None
 Recall                   Summ/Tloc      N/A          0%          3    None
 Spectral Weapon          Hex/Chrm       ########     0%          3    None
 Stone Arrow              Conj/Erth      ######       0%          3    None
 Summon Guardian Golem    Hex/Summ       ########     0%          3    None
 Teleport Other           Tloc           ########     0%          3    None
 Tukima's Dance           Hex            ########     0%          3    None
 Animate Skeleton         Necr           N/A          1%          1    None
 Beastly Appendage        Tmut           #####.       1%          1    None
 Pain                     Necr           ####         1%          1    None
 Sting                    Conj/Pois      ####         1%          1    None
 Corpse Rot               Necr           N/A          1%          2    None
 Ensorcelled Hibernation  Hex/Ice        ######       1%          2    None
 Passwall                 Tmut/Erth      ######..     1%          2    None
 Poisonous Vapours        Pois/Air       ######       1%          2    None
 Song of Slaying          Chrm           #######.     1%          2    None
 Sticks to Snakes         Tmut           #####...     1%          2    None
 Sublimation of Blood     Necr           #####.....   1%          2    None
 Throw Frost              Conj/Ice       ######       1%          2    None
 Call Canine Familiar     Summ           #######.     1%          3    None
 Ignite Poison            Fire/Tmut/Pois ######..     1%          3    None
 Mephitic Cloud           Conj/Pois/Air  #######.     1%          3    None
 Ozocubu's Armour         Chrm/Ice       ######..     1%          3    None
 Regeneration             Chrm/Necr      ######....   1%          3    None
 Spider Form              Tmut/Pois      #####.....   1%          3    None
 Static Discharge         Conj/Air       #######.     1%          3    None
 Vampiric Draining        Necr           #####.....   1%          3    None
 Cause Fear               Hex            ########..   0%          4    None
 Force Lance              Conj/Tloc      ########     0%          4    None
 Fulminant Prism          Conj/Hex       ########..   0%          4    None
 Iskenderun's Mystic Bla  Conj           ########     0%          4    None
 Airstrike                Air            ######....   1%          4    None
 Leda's Liquefaction      Hex/Erth       ########..   1%          4    None
 Passage of Golubria      Tloc           N/A          1%          4    None
 Petrify                  Tmut/Erth      ######..     1%          4    None
 Sticky Flame             Conj/Fire      ########     1%          4    None
 Summon Ice Beast         Ice/Summ       ######..     1%          4    None
 Summon Lightning Spire   Summ/Air       #######.     1%          4    None
 Throw Icicle             Conj/Ice       #######.     1%          4    None
 Aura of Abjuration       Summ           #######...   1%          5    None
 Bolt of Draining         Conj/Necr      #######...   1%          5    None
 Bolt of Magma            Conj/Fire/Erth #######...   1%          5    None
 Borgnjor's Vile Clutch   Necr/Erth      ######....   1%          5    None
 Excruciating Wounds      Chrm/Necr      ######....   1%          5    None
 Fireball                 Conj/Fire      ########..   1%          5    None
 Irradiate                Conj/Tmut      #######...   1%          5    None
 Iskenderun's Battlesphe  Conj/Chrm      ########     1%          5    None
 Lightning Bolt           Conj/Air       #######...   1%          5    None
 Metabolic Englaciation   Hex/Ice        #######...   1%          5    None
 Silence                  Hex/Air        #######...   1%          5    None
 Summon Demon             Summ           #######...   1%          5    None
 Summon Forest            Summ/Tloc      #######...   1%          5    None
 Summon Mana Viper        Hex/Summ       ########     1%          5    None
 Venom Bolt               Conj/Pois      #######...   1%          5    None
 Yara's Violent Unravell  Hex/Tmut       #######...   1%          5    None
 Bolt of Fire             Conj/Fire      ########..   1%          6    None
 Conjure Ball Lightning   Conj/Air       #######...   1%          6    None
 Darkness                 Hex            ########..   1%          6    None
 Dispersal                Tloc           ########..   1%          6    None
 Invisibility             Hex            ########     1%          6    None
 Shadow Creatures         Summ           N/A          1%          6    None
 Bolt of Cold             Conj/Ice       #######...   2%          6    None
 Poison Arrow             Conj/Pois      #######...   2%          6    None
 Malign Gateway           Summ/Tloc      #######...   2%          7    ####...
 Freezing Cloud           Conj/Ice/Air   #######...   3%          6    None
 Monstrous Menagerie      Summ           #######...   4%          7    ####...
 Summon Hydra             Summ           #######...   4%          7    ####...
 Animate Dead             Necr           N/A          6%          4    None
 Ice Form                 Ice/Tmut       #####...     6%          4    None
 Olgreb's Toxic Radiance  Pois           #####...     6%          4    None
 Ring of Flames           Chrm/Fire      #######...   8%          7    ####...
 Disjunction              Tloc           ########..   8%          8    #####..
 Statue Form              Tmut/Erth      ######...    9%          6    None
 Alistair's Intoxication  Tmut/Pois      #####...     16%         5    None
 Blade Hands              Tmut           #####.....   16%         5    None
 Chain Lightning          Conj/Air       #######...   30%         8    #####..
 Haunt                    Necr/Summ      ######....   41%         7    ####...
 Ignition                 Fire           #######...   50%         8    #####..
 Hydra Form               Tmut           #####.....   61%         6    None
 Simulacrum               Ice/Necr       #####.....   61%         6    None
 Fire Storm               Conj/Fire      ########..   87%         9    #######
 Dragon Form              Tmut           #####.....   98%         7    ####...
 Death's Door             Chrm/Necr      ######....   98%         8    #####..
 Dragon's Call            Summ           #######...   99%         9    #######
 Shatter                  Erth           #######...   99%         9    #######
 Borgnjor's Revivificati  Necr           #####.....   100%        8    #####..
 Infestation              Necr           #####.....   100%        8    #####..
 Necromutation            Tmut/Necr      #####.....   100%        8    #####..
 Glaciate                 Conj/Ice       #######...   100%        9    #######
 Tornado                  Air            ######....   100%        9    #######


Dungeon Overview and Level Annotations

Branches:
Dungeon (15/15)            Temple (1/1) D:4            Lair (6/6) D:10
 Shoals (4/4) Lair:4       Spider (4/4) Lair:3        Slime (5/5) Lair:6
    Orc (2/2) D:9             Elf (3/3) Orc:2        Vaults (5/5) D:14
  Crypt (0/3) Vaults:3     Depths (5/5) D:15            Zot (5/5) Depths:5

Altars:
Ashenzari
Cheibriados
Dithmenos
Gozag
Kikubaaqudgha
Makhleb
Okawaru
Ru
Sif Muna
Wu Jian
Xom
Yredelemnul
Zin
Beogh
Jiyva

Shops:
D:6 *   D:9 ?   D:12 ?   Orc:2 (=*   Shoals:3 }   Vaults:2 (

Portals:
Hell: Depths:1 Depths:3 Depths:4 Depths:5
Abyss: Depths:2 Depths:4
Pandemonium: Depths:3
Ziggurat: Depths:5
Trove: Depths:4 (give 8 potions of haste)

Annotations:
D:6 exclusion: electric eel
Lair:1 exclusion: electric eel
Lair:4 exclusion: oklob plant
Lair:5 exclusion: oklob plant
Elf:2 5 runed translucent doors
Vaults:3 1 runed translucent door, astronautguy's ghost, master FoEE


Innate Abilities, Weirdness & Mutations

You are partially covered in slimy green scales. (AC +2)
You tend to lose your temper in combat.
You are clumsy. (Dex -2)
Your flesh is cold resistant. (rC+)
Armour fits poorly on your strangely shaped body.
You are very dopey. (Int -4)
You are weak. (Str -2)


Message History

You feel much better.
Your spellforged servitor hums quietly as it recharges.
The orb of fire glows yellow.
The fireball explodes!
The fireball engulfs you! You resist.
* * * LOW HITPOINT WARNING * * *
The fireball engulfs the orb of fire.
The orb of fire completely resists.
The fireball engulfs the orb of fire.
The orb of fire completely resists.
As you read the scroll of teleportation, it crumbles to dust.
You feel strangely unstable.
You feel the Orb delaying your translocation!
The orb of fire emits a lurid red light.
The fireball explodes!
The fireball engulfs you! You resist.
* * * LOW HITPOINT WARNING * * *
The fireball engulfs the orb of fire.
The orb of fire completely resists.
The fireball engulfs the orb of fire.
The orb of fire completely resists.
The fireball engulfs the orb of fire.
The orb of fire completely resists.
Your spellforged servitor conjures an orb of pure magic.
The orb of fire glows bright magenta.
The fireball explodes!
The fireball engulfs you!! You resist.
You die...

.........# ##....###..§
######...## ##.....###...
#....### ###......#.....
####...# #........#....#
#.....## ##......(.#....#
#...<..## ##...............
#.....#.###................
###......#.*....#########..
#.......*@*8..............
####....*[.[....#...######
#.......#....#....#####
#...........)).........
#..........[..)........
##.....##...#...#...#..
#....⌠######.......#..
#...### ####...#### #...#
#...#


You could see 3 orbs of fire and a friendly spellforged servitor.

Vanquished Creatures
  Tiamat (Zot:1)
  An ancient lich (Depths:5)
  2 orbs of fire (Zot:5)
  2 juggernauts (Depths:2)
  Sojobo (Depths:2)
  A Killer Klown (Zot:2)
  Bai Suzhen (Vaults:3)
  A curse toe (Zot:4)
  2 caustic shrikes
  4 golden dragons
  Jory (Vaults:3)
  Arachne (Spider:4)
  6 tentacled monstrosities
  Rupert (Depths:2)
  3 liches
  4 Orb Guardians (Zot:5)
  2 deep elf blademasters (Elf:3)
  5 quicksilver dragons
  5 titans
  6 acid blobs
  A sphinx (Depths:2)
  2 death cobs
  Gastronok (Lair:2)
  Kirke (Lair:4)
  2 storm dragons
  A draconian monk (Zot:2)
  3 shadow dragons
  3 tengu reavers
  Roxanne (Spider:4)
  3 azure jellies
  An imperial myrmidon (Desolation)
  A draconian scorcher (Zot:3)
  6 fire giants
  6 draconian knights
  4 ghost moths
  An iron dragon (Depths:4)
  2 frost giants
  6 deep elf sorcerers
  3 draconian shifters
  An orc warlord (Orc:2)
  4 vault wardens
  5 ironheart preservers
  A draconian stormcaller (Zot:4)
  A draconian annihilator (Zot:4)
  8 emperor scorpions
  3 deep elf elementalists (Elf:3)
  4 entropy weavers
  6 very ugly things
  11 stone giants
  A vampire knight (Depths:1)
  3 green draconians
  2 black draconians
  4 deep elf demonologists
  A halazid warlock (Desolation)
  7 yellow draconians
  A red draconian (Zot:2)
  8 deep elf annihilators
  6 white draconians
  5 purple draconians
  6 ettins
  3 merfolk javelineers (Shoals:4)
  2 merfolk impalers
  2 death oozes (Slime:5)
  2 great orbs of eyes
  5 deep elf death magi
  4 yaktaur captains
  8 fire dragons
  4 deep elf high priests
  Josephine (D:13)
  3 ragged hierophants (Desolation)
  2 servants of whispers
  An ogre mage (Vaults:2)
  5 hydras
  A vault guard (Vaults:5)
  2 rakshasas
  7 merfolk avatars
  A peacekeeper (Desolation)
  3 ice dragons
  2 spriggan air magi
  An alligator snapping turtle (Shoals:4)
  2 merfolk aquamancers
  5 two-headed ogres
  12 dancing weapons
  3 centaur warriors
  2 deep troll shamans
  A deep troll earth mage (Depths:3)
  A tengu warrior (Depths:4)
  2 vampire magi (Depths:2)
  4 orc high priests
  A thrashing horror (WizLab)
  2 spriggan berserkers
  12 deep elf knights
  A death drake (WizLab)
  5 unseen horrors
  A deep troll (shapeshifter) (Vaults:1)
  An unseen horror (shapeshifter) (Elf:2)
  4 glowing orange brains
  11 sea snakes
  An obsidian statue (WizLab)
  2 wizards
  2 deep trolls
  3 phantasmal warriors
  4 deep elf archers
  19 orb spiders
  3 ironbrand convokers
  A necromancer (Depths:2)
  6 harpies
  16 ugly things
  8 orc knights
  An oklob plant (Lair:4)
  3 orc sorcerers (Orc:2)
  34 wolf spiders
  27 deep elf magi
  20 moths of wrath
  3 shining eyes
  4 cyclopes
  7 manticores
  3 merfolk sirens
  3 worldbinders (WizLab)
  4 elephants
  3 vault sentinels
  3 guardian serpents
  A guardian serpent (shapeshifter) (Depths:2)
  2 black mambas (Lair:5)
  4 eyes of devastation
  21 spiny frogs
  2 water nymphs (Shoals:4)
  Psyche (D:11)
  4 centaur skeletons
  7 rime drakes
  13 yaktaurs
  8 komodo dragons
  An ancient zyme (Abyss:2)
  11 trolls
  2 queen bees
  8 demonic crawlers
  21 jumping spiders
  15 merfolk
  A tyrant leech (shapeshifter) (Depths:5)
  5 polar bears
  30 blink frogs
  A meliai (shapeshifter) (Depths:4)
  21 saltlings
  10 hornets
  A hornet (shapeshifter) (Vaults:5)
  A blink frog (shapeshifter) (Depths:2)
  2 wind drakes (Lair:6)
  16 hippogriffs
  7 snapping turtles
  39 slime creatures
  5 dream sheep
  2 raiju (shapeshifter)
  60 redbacks
  25 tarantellas
  A fire elemental (Elf:1)
  7 wraiths
  4 water elementals
  A shadow (D:13)
  8 wyverns
  4 hogs
  3 air elementals
  A human (shapeshifter) (Vaults:5)
  5 humans
  43 yaks
  5 basilisks
  3 golden eyes (Slime:2)
  3 steam dragons
  3 hungry ghosts
  A redback simulacrum (D:14)
  A large abomination (Abyss:2)
  2 insubstantial wisps (D:10)
  2 soldier ants
  A spatial vortex (WizLab)
  2 wargs (Orc:2)
  An acid dragon (Vaults:2)
  14 water moccasins
  8 porcupines
  13 orc warriors
  A phantom (D:8)
  6 sky beasts
  4 ice beasts
  3 black bears
  11 wolves
  11 boggarts
  3 centaurs
  8 ogres
  16 crocodiles
  2 big kobolds
  7 bullfrogs
  A gnoll sergeant (D:8)
  An earth elemental (Elf:1)
  2 small abominations
  51 killer bees
  2 scorpions
  A wight (D:9)
  14 jellies
  2 electric eels (Spider:3)
  3 howler monkeys
  4 crimson imps
  A bullfrog zombie (D:12)
  2 centaur zombies
  5 hounds
  14 orc wizards
  6 orc priests
  2 bullfrog skeletons
  12 human skeletons (Vaults:2)
  Natasha (thrice) (D:3)
  6 iguanas
  8 worker ants
  A hound zombie (D:9)
  A howler monkey zombie (D:5)
  6 gnolls
  13 adders
  A river rat (Lair:2)
  4 shadow imps
  5 oozes (D:8)
  3 adder skeletons
  3 adder zombies
  5 worms
  2 dart slugs
  6 leopard geckos
  50 orcs
  3 giant cockroaches
  8 goblins
  13 hobgoblins
  10 jackals
  6 quokkas
  8 ball pythons
  6 bats
  4 frilled lizards
  A giant cockroach zombie (D:6)
  14 kobolds
  A quokka skeleton (D:8)
  4 rats
  A fungus (Lair:6)
  A plant (Lair:4)
1370 creatures vanquished.

Vanquished Creatures (collateral kills)
  the Royal Jelly (Slime:5)
  2 orbs of fire (Zot:5)
  3 juggernauts
  3 curse toes
  2 caustic shrikes
  Saint Roka (Vaults:3)
  8 golden dragons
  An electric golem (Zot:5)
  8 tentacled monstrosities
  2 titans
  4 Orb Guardians (Zot:5)
  4 quicksilver dragons
  18 acid blobs
  A deep elf blademaster (Elf:3)
  6 death cobs
  An ancient champion (Vaults:3)
  3 sphinxes
  6 tengu reavers
  4 storm dragons
  3 shadow dragons
  7 draconian monks
  6 azure jellies (Slime:5)
  4 deep elf sorcerers
  6 draconian scorchers
  10 vault wardens
  5 frost giants
  2 iron dragons
  7 fire giants
  3 draconian knights
  2 deep elf elementalists
  2 spriggan defenders (Depths:2)
  5 draconian annihilators
  6 draconian shifters
  2 war gargoyles (Vaults:5)
  6 draconian stormcallers
  10 ironheart preservers
  5 very ugly things
  12 stone giants
  A vampire knight (Depths:3)
  3 entropy weavers
  6 green draconians
  9 purple draconians
  5 deep elf demonologists
  15 yellow draconians
  8 black draconians
  8 white draconians
  6 deep elf annihilators
  8 red draconians
  6 spark wasps
  7 ettins
  6 death oozes (Slime:5)
  4 deep elf death magi
  9 great orbs of eyes
  9 yaktaur captains
  4 merfolk impalers
  7 deep elf high priests
  6 fire dragons
  5 rakshasas
  7 ice dragons
  28 vault guards
  4 spriggan air magi
  A death knight (Vaults:3)
  6 centaur warriors
  6 dancing weapons
  7 deep troll earth magi
  5 deep troll shamans
  A two-headed ogre (shapeshifter) (Vaults:3)
  41 two-headed ogres
  An alligator (shapeshifter) (Vaults:5)
  16 ogre magi
  A vampire mage (Depths:2)
  4 spriggan berserkers
  A merfolk aquamancer (Shoals:4)
  8 deep elf knights
  A sixfirhy (WizLab)
  2 iron trolls
  8 flayed ghosts
  3 glowing orange brains
  A sea snake (shapeshifter) (Depths:3)
  18 deep elf archers
  11 deep trolls
  3 wizards
  A harpy (shapeshifter) (Depths:4)
  6 phantasmal warriors
  7 ironbrand convokers
  11 orc knights
  2 harpies (Vaults:1)
  An orb spider (shapeshifter) (D:15)
  3 oklob plants (Zot:3)
  2 wolf spiders
  A wolf spider (shapeshifter) (Depths:3)
  32 ugly things
  4 shining eyes
  52 deep elf magi
  2 orc sorcerers
  A worldbinder (Abyss:2)
  5 cyclopes
  A merfolk siren (Shoals:4)
  2 eyes of devastation
  5 moths of wrath
  A centaur zombie (D:15)
  10 vault sentinels
  A smoke demon (WizLab)
  An orange demon (Abyss:2)
  A hellion (Abyss:2)
  An efreet (WizLab)
  29 yaktaurs
  A tengu conjurer (Depths:2)
  6 freezing wraiths
  A meliai (shapeshifter) (Vaults:3)
  2 human skeletons (WizLab)
  A polar bear (shapeshifter) (Depths:1)
  A raiju (Abyss:2)
  6 blink frogs (WizLab)
  2 trolls
  43 slime creatures
  A blink frog (shapeshifter) (Vaults:5)
  A snapping turtle (shapeshifter) (Depths:3)
  2 redbacks (Vaults:4)
  A spriggan (shapeshifter) (Depths:3)
  A spriggan (Depths:3)
  A shadow (D:15)
  2 tarantellas (shapeshifter)
  2 yaks (shapeshifter)
  A human (shapeshifter) (Vaults:2)
  5 water elementals
  A fire elemental (Elf:2)
  A wraith (Vaults:1)
  4 humans (D:14)
  A golden eye (Slime:2)
  A wyvern (Lair:2)
  A basilisk (shapeshifter) (Vaults:5)
  4 vampire mosquitoes (D:15)
  4 wargs
  A neqoxec (Abyss:2)
  2 spatial vortices (WizLab)
  A swamp worm (shapeshifter) (Depths:1)
  A yaktaur simulacrum (Vaults:1)
  An acid dragon (D:15)
  A hell hound (WizLab)
  40 orc warriors
  A black bear (shapeshifter) (Depths:4)
  2 sky beasts (D:15)
  A hornet zombie (D:15)
  34 ogres
  12 boggarts
  6 centaurs
  An eye of draining (Slime:5)
  An earth elemental (Elf:3)
  Blork the orc (D:6)
  3 wights (D:9)
  14 jellies (Zot:3)
  5 orc priests
  6 orc wizards
  2 small abominations
  A gnoll (D:8)
  30 orcs
943 creatures vanquished.

Vanquished Creatures (others)
  2 deep elf master archers (Elf:3)
  An azure jelly (Slime:5)
  2 acid blobs
  An eldritch tentacle (WizLab)
  A draconian monk (Zot:1)
  2 fire giants
  A deep elf elementalist (Elf:3)
  A draconian scorcher (Zot:1)
  2 draconian annihilators
  3 stone giants
  3 red draconians
  3 black draconians (Zot:1)
  5 yellow draconians
  2 green draconians
  2 fire dragons
  A yaktaur captain (Depths:4)
  A deep elf high priest (Elf:3)
  2 vault guards (Vaults:5)
  An ice dragon (Depths:3)
  4 two-headed ogres
  A tengu warrior (Depths:4)
  3 deep troll earth magi
  An ogre mage (Depths:1)
  2 ironbrand convokers
  2 orc knights
  2 deep elf knights (Elf:3)
  4 deep trolls
  An ugly thing (Vaults:1)
  2 wolf spiders
  5 deep elf magi
  A worldbinder (WizLab)
  A cyclops (Vaults:2)
  A vault sentinel (Vaults:5)
  3 yaktaurs
  A troll (D:15)
  11 dancing weapons
  A slime creature (Depths:4)
  An acid dragon (Vaults:2)
  2 humans
  An eye of draining (Slime:1)
  An ogre (Vaults:3)
  A killer bee (D:11)
  An orc priest (Vaults:1)
  A jelly (Zot:3)
  An orc (Vaults:3)
  68 fungi
  46 plants
205 creatures vanquished.

Grand Total: 2518 creatures vanquished

Notes
Turn   | Place    | Note
-------+----------+-------------------------------------------
     0 | D:1      | Illumine the Deep Elf Enchanter began the quest for the
                  | Orb.
     0 | D:1      | Reached XP level 1. HP: 10/10 MP: 6/6
   366 | D:1      | Reached XP level 2. HP: 15/15 MP: 8/8
   371 | D:1      | Learned a level 2 spell: Ensorcelled Hibernation
   489 | D:1      | Found an ornate altar of the Wu Jian Council.
  1486 | D:2      | Reached XP level 3. HP: 19/19 MP: 10/10
  1491 | D:2      | Learned a level 3 spell: Confuse
  1495 | D:2      | Learned a level 3 spell: Dazzling Spray
  2107 | D:3      | Reached skill level 4 in Spellcasting
  2202 | D:3      | Noticed Natasha
  2209 | D:3      | Killed Natasha
  2209 | D:3      | Reached skill level 1 in Conjurations
  2209 | D:3      | Reached skill level 5 in Hexes
  2209 | D:3      | Reached XP level 4. HP: 19/24 MP: 2/12
  2567 | D:3      | Noticed an angel
  2568 | D:3      | Found a glowing silver altar of Zin.
  2568 | D:3      | Noticed Natasha
  3011 | D:3      | Reached XP level 5. HP: 28/28 MP: 10/13
  3112 | D:3      | Killed Natasha
  3346 | D:3      | Noticed Natasha
  3353 | D:3      | Killed Natasha
  3485 | D:3      | Learned a level 3 spell: Tukima's Dance
  3737 | D:4      | Reached skill level 5 in Spellcasting
  3765 | D:4      | Found a staircase to the Ecumenical Temple.
  3774 | Temple   | Entered the Ecumenical Temple
  3789 | Temple   | Became a worshipper of Sif Muna the Loreminder
  3859 | D:4      | Reached XP level 6. HP: 18/32 MP: 1/15
  4514 | D:5      | Entered Level 5 of the Dungeon
  4778 | D:5      | Reached skill level 5 in Dodging
  4935 | D:5      | Reached XP level 7. HP: 36/36 MP: 13/17
  5078 | D:5      | Got an ancient ring mail
  5136 | D:6      | Reached skill level 6 in Spellcasting
  5221 | D:6      | Identified the +4 ring mail "Near" {Str+4} (You found it on
                  | level 5 of the Dungeon)
  5643 | D:6      | Noticed Blork the orc
  5652 | D:6      | Killed Blork the orc
  5652 | D:6      | Reached * piety under Sif Muna
  5652 | D:6      | Reached skill level 1 in Fighting
  5834 | D:6      | Found Loham's General Store.
  5839 | D:6      | Bought an uncursed staff of wizardry for 325 gold pieces
  5870 | D:7      | Noticed a hippogriff
  6152 | D:7      | Killed a hippogriff
  6484 | D:7      | Reached XP level 8. HP: 43/43 MP: 10/19
  6755 | D:7      | Noticed a hippogriff
  6770 | D:7      | Killed a hippogriff
  6959 | D:7      | Reached skill level 7 in Spellcasting
  7453 | D:7      | Reached skill level 5 in Conjurations
  8134 | D:8      | Found a shadowy altar of Dithmenos.
  8134 | D:8      | Found a shimmering altar of Xom.
  8134 | D:8      | Found a sacrificial altar of Ru.
  8201 | D:8      | Reached ** piety under Sif Muna
  8360 | D:8      | Noticed a hornet
  8467 | D:8      | Noticed a hippogriff
  8490 | D:7      | Killed a hippogriff
  8490 | D:7      | Reached XP level 9. HP: 29/50 MP: 1/22
  8815 | D:9      | Reached skill level 8 in Spellcasting
  8967 | D:8      | Reached skill level 1 in Shields
  9647 | D:9      | Learned a level 3 spell: Conjure Flame
  9652 | D:9      | Learned a level 4 spell: Sticky Flame
  9682 | D:9      | Found Dimnifeeny's Magic Scroll Shop.
  9719 | D:9      | Found an ancient bone altar of Kikubaaqudgha.
 10382 | D:9      | Found a staircase to the Orcish Mines.
 11223 | D:10     | Entered Level 10 of the Dungeon
 11275 | D:10     | Noticed a komodo dragon
 11608 | D:10     | Reached XP level 10. HP: 56/56 MP: 11/24
 11871 | D:10     | Reached skill level 9 in Spellcasting
 11872 | D:10     | Noticed a two-headed ogre
 11894 | D:10     | Killed a two-headed ogre
 12335 | D:10     | Reached *** piety under Sif Muna
 13345 | D:10     | Paralysed by an orc for 3 turns
 13381 | D:10     | Found a staircase to the Lair.
 13404 | Lair:1   | Entered Level 1 of the Lair of Beasts
 13404 | Lair:1   | Noticed a spiny frog
 13468 | D:10     | Learned a level 2 spell: Swiftness
 13519 | D:10     | Learned a level 5 spell: Fireball
 14043 | D:10     | Reached skill level 10 in Hexes
 14043 | D:10     | Reached skill level 1 in Invocations
 14576 | D:11     | Reached skill level 5 in Shields
 14715 | D:11     | Noticed an unseen horror
 14855 | D:11     | Noticed a cyan ugly thing
 14904 | Orc:1    | Entered Level 1 of the Orcish Mines
 14904 | Orc:1    | Noticed an orc high priest
 15251 | D:10     | Reached skill level 5 in Fighting
 15251 | D:10     | Reached XP level 11. HP: 63/63 MP: 21/26
 15587 | Lair:1   | Reached skill level 10 in Spellcasting
 16433 | Lair:1   | Got an ichor-stained scale mail
 16723 | Lair:1   | Reached skill level 1 in Fire Magic
 17323 | Lair:2   | Got a crude ring mail
 17515 | Lair:2   | Reached **** piety under Sif Muna
 18035 | Lair:2   | Reached skill level 1 in Charms
 19652 | Lair:2   | Reached XP level 12. HP: 69/69 MP: 18/28
 20021 | Lair:2   | Reached skill level 10 in Dodging
 20290 | Lair:2   | Noticed Gastronok
 20312 | Lair:2   | Reached ***** piety under Sif Muna
 20312 | Lair:2   | Identified Sif Muna's Handbook of Battle Magic (Sif Muna
                  | gifted it to you on level 2 of the Lair of Beasts)
 20312 | Lair:2   | Received a gift from Sif Muna
 20321 | Lair:2   | Learned a level 6 spell: Bolt of Fire
 20367 | Lair:2   | Killed Gastronok
 20367 | Lair:2   | Reached skill level 11 in Spellcasting
 20367 | Lair:2   | Reached skill level 5 in Invocations
 20726 | Lair:2   | Noticed a four-headed hydra
 21109 | Lair:2   | Killed a four-headed hydra
 21957 | Lair:3   | Found a hole to the Spider Nest.
 22810 | Lair:3   | Learned a level 1 spell: Apportation
 23034 | Lair:3   | Reached skill level 5 in Fire Magic
 24415 | Lair:4   | Found a staircase to the Shoals.
 24532 | Lair:4   | Reached XP level 13. HP: 55/76 MP: 4/30
 25645 | Lair:5   | Noticed Kirke
 25974 | Lair:4   | Killed Kirke
 25974 | Lair:4   | Received a gift from Sif Muna
 25974 | Lair:4   | Reached skill level 12 in Spellcasting
 26106 | Lair:4   | Learned a level 2 spell: Blink
 26386 | Lair:5   | Reached skill level 10 in Conjurations
 26891 | Lair:6   | Entered Level 6 of the Lair of Beasts
 26987 | Lair:6   | Found a staircase to the Slime Pits.
 30427 | Lair:6   | Reached skill level 5 in Charms
 31212 | Lair:6   | Got an iridescent dire flail
 31292 | Lair:5   | Identified the cursed +0 ring mail of the Imp {rPois} (You
                  | found it on level 2 of the Lair of Beasts)
 31895 | D:11     | Reached XP level 14. HP: 78/83 MP: 16/32
 33555 | D:11     | Noticed Psyche
 33564 | D:11     | Killed Psyche
 34150 | D:12     | Identified Sif Muna's Disquisition on Vitriolic Changing
                  | (Sif Muna gifted it to you on level 12 of the Dungeon)
 34150 | D:12     | Received a gift from Sif Muna
 34402 | D:12     | Found Zucsoitt's Magic Scroll Emporium.
 35079 | D:12     | Reached skill level 13 in Spellcasting
 36901 | Orc:2    | Entered Level 2 of the Orcish Mines
 36958 | Orc:2    | Noticed a stone giant
 37594 | Orc:2    | Noticed an orc warlord
 38001 | Orc:1    | Learned a level 6 spell: Deflect Missiles
 38188 | Orc:1    | Killed a stone giant
 38731 | Orc:2    | Reached skill level 1 in Air Magic
 39142 | Orc:2    | Found Ohiehoex's General Store.
 39201 | Orc:2    | Found Etsit's Antique Armour Emporium.
 39257 | Orc:2    | Killed an orc warlord
 39396 | Orc:2    | Found Ehacoem's Antique Weapon Emporium.
 39433 | Orc:2    | Found a staircase to the Elven Halls.
 39548 | Orc:1    | Found a roughly hewn altar of Beogh.
 39879 | Orc:2    | Found Zyprom's Jewellery Shop.
 40958 | D:13     | Noticed Josephine
 40961 | D:13     | Killed Josephine
 41259 | D:13     | Identified Woxuyhi's Almanac of Conjuration and Feathers
                  | (Sif Muna gifted it to you on level 13 of the Dungeon)
 41259 | D:13     | Received a gift from Sif Muna
 42216 | D:14     | Reached XP level 15. HP: 83/89 MP: 32/34
 42332 | D:14     | Found a shattered altar of Ashenzari.
 42821 | D:14     | Reached skill level 1 in Long Blades
 43524 | D:14     | Identified the cursed +1 great mace "Vateg" {crush, rC+}
 43889 | D:14     | Found a gate to the Vaults.
 44008 | D:15     | Entered Level 15 of the Dungeon
 44242 | Shoals:1 | Entered Level 1 of the Shoals
 44336 | Spider:1 | Entered Level 1 of the Spider Nest
 44460 | Lair:3   | Learned a level 4 spell: Iskenderun's Mystic Blast
 44945 | Shoals:1 | Identified a scroll of acquirement
 44948 | Shoals:1 | Got a pitted copper amulet
 44950 | Shoals:1 | Identified the amulet "Inwoceg" {Harm *Drain rElec rPois
                  | rN+} (You acquired it on level 1 of the Shoals)
 45016 | Shoals:1 | You fall through a shaft!
 45973 | Shoals:3 | Found Massam's Gadget Boutique.
 46008 | Shoals:4 | Entered Level 4 of the Shoals
 46433 | Shoals:4 | Identified Heenix's Guide on Quantum Confrontation (Sif
                  | Muna gifted it to you on level 4 of the Shoals)
 46433 | Shoals:4 | Received a gift from Sif Muna
 47153 | Shoals:4 | Learned a level 5 spell: Iskenderun's Battlesphere
 47399 | Shoals:4 | Reached skill level 14 in Spellcasting
 47836 | Shoals:4 | Noticed a frost giant
 47853 | Shoals:4 | Killed a frost giant
 48123 | Shoals:4 | Got a barnacled rune of Zot
 48947 | Shoals:4 | Got a slimy rapier
 49156 | Shoals:1 | Reached XP level 16. HP: 91/96 MP: 19/36
 50005 | Spider:1 | Reached skill level 10 in Invocations
 50409 | Spider:1 | Learned a level 1 spell: Summon Small Mammal
 50422 | Spider:1 | Identified the cursed +0 rapier "Diurghum" {flame, rF-
                  | Int+3} (You found it on level 4 of the Shoals)
 51281 | Spider:3 | Got an ichor-stained battleaxe
 51306 | Spider:3 | Reached skill level 1 in Summonings
 51306 | Spider:3 | Reached skill level 5 in Air Magic
 52004 | Spider:2 | Reached skill level 10 in Charms
 53876 | Spider:3 | Reached skill level 10 in Fire Magic
 54012 | Spider:3 | Reached skill level 1 in Translocations
 54570 | Spider:4 | Entered Level 4 of the Spider Nest
 54573 | Spider:4 | Reached skill level 15 in Hexes
 54576 | Spider:4 | Identified Sif Muna's Papyrus of the Glacial Birds (Sif
                  | Muna gifted it to you on level 4 of the Spider Nest)
 54576 | Spider:4 | Received a gift from Sif Muna
 55179 | Spider:4 | Noticed Arachne
 55196 | Spider:4 | Killed Arachne
 55811 | Spider:4 | Identified Roxanne's Catalogue of the Rocks
 55811 | Spider:4 | Noticed Roxanne
 56096 | Spider:4 | Reached XP level 17. HP: 100/100 MP: 6/37
 56324 | Spider:4 | Learned a level 4 spell: Airstrike
 56693 | Spider:4 | Killed Roxanne
 57199 | Spider:4 | Reached skill level 15 in Spellcasting
 58935 | Spider:4 | Got a gossamer rune of Zot
 59255 | Elf:1    | Entered Level 1 of the Elven Halls
 60298 | Vaults:1 | Entered Level 1 of the Vaults
 60309 | Vaults:1 | Found a ruined gateway.
 60359 | Desolati | Entered the Desolation of Salt
 60366 | Desolati | Reached skill level 5 in Summonings
 60391 | Desolati | Identified Sif Muna's Catalogue of Confrontation and Fire
                  | (Sif Muna gifted it to you in the Desolation of Salt)
 60391 | Desolati | Received a gift from Sif Muna
 60954 | Desolati | Learned a level 7 spell: Orb of Destruction
 61149 | Desolati | Reached skill level 10 in Fighting
 61518 | Desolati | Found the +8 longbow "Zephyr" {speed, Dex+3 SInv}
 61519 | Desolati | Identified the Collected Works on Clay
 61608 | Vaults:1 | Learned a level 7 spell: Spellforged Servitor
 62248 | D:9      | Bought a scroll of acquirement for 676 gold pieces
 62248 | D:9      | Bought a scroll of amnesia for 45 gold pieces
 62250 | D:9      | Got a flickering graven amulet
 62252 | D:9      | Identified the amulet "Nuibbiv" {Reflect +Inv rElec Dex+3
                  | SH+6} (You acquired it on level 9 of the Dungeon)
 62295 | Orc:2    | Bought a ration for 75 gold pieces
 62297 | Orc:2    | Bought a ration for 75 gold pieces
 62831 | Elf:1    | Cast into level 2 of the Abyss (a deep elf sorcerer)
 62867 | Abyss:2  | Gained mutation: You tend to lose your temper in combat. [a
                  | neqoxec]
 62869 | Abyss:2  | Reached skill level 5 in Translocations
 62869 | Abyss:2  | Gained mutation: Your flesh is cold resistant. (rC+) [a
                  | neqoxec]
 62973 | Abyss:2  | Found a corrupted altar of Lugonu.
 63052 | Abyss:2  | Noticed a bone dragon
 63153 | Elf:1    | Escaped the Abyss
 63171 | Elf:1    | Reached skill level 1 in Evocations
 63707 | Elf:1    | Identified Kiuz Owu's Handbook of Supportive Attacks
 64044 | Elf:2    | Learned a level 8 spell: Discord
 64403 | Elf:2    | Reached XP level 18. HP: 107/107 MP: 25/39
 65035 | Elf:2    | Got a pair of ancient gloves
 65046 | Elf:2    | Identified the +4 pair of gloves "Xutalug" {rElec rCorr
                  | Dex+2} (You found it on level 2 of the Elven Halls)
 65225 | Elf:2    | Found a huge runed translucent gate.
 65225 | Elf:2    | Found a huge runed translucent gate.
 65225 | Elf:2    | Found a huge runed translucent gate.
 65225 | Elf:2    | Found a huge runed translucent gate.
 65225 | Elf:2    | Found a huge runed translucent gate.
 65279 | Elf:3    | Entered Level 3 of the Elven Halls
 66188 | Elf:3    | Found an ancient bone altar of Kikubaaqudgha.
 67221 | Elf:3    | Reached skill level 16 in Spellcasting
 67690 | Elf:3    | Reached skill level 15 in Dodging
 67922 | Elf:3    | Identified the +6 morningstar "Zaamewn" {crush, rElec Int+6
                  | Dex+4}
 68351 | Elf:3    | Got a translucent short sword
 68362 | Elf:3    | Identified the +4 broad axe of Kismet {chop, Str+7 Stlth+}
 68912 | Elf:3    | Identified the cursed +1 short sword "Weacoc" {freeze, MR-
                  | Int+4 Dex+7} (You took it off a deep elf high priest on
                  | level 3 of the Elven Halls)
 70267 | Vaults:1 | Reached XP level 19. HP: 113/113 MP: 24/41
 70800 | Vaults:1 | Found a sacrificial altar of Ru.
 72129 | Vaults:2 | Learned a level 6 spell: Iron Shot
 72206 | Vaults:2 | Paralysed by an ogre mage for 2 turns
 72777 | Vaults:2 | Reached skill level 1 in Earth Magic
 72998 | Vaults:2 | Identified Sif Muna's Reference Book on Calling and
                  | Feathers (Sif Muna gifted it to you on level 2 of the
                  | Vaults)
 72998 | Vaults:2 | Received a gift from Sif Muna
 73018 | Vaults:2 | Learned a level 1 spell: Summon Butterflies
 74210 | Vaults:2 | Found Ihicuus's Weapon Shoppe.
 74997 | Vaults:3 | Found a magical portal.
 75013 | WizLab   | Entered The Roulette of Golubria
 75013 | WizLab   | Found a transporter.
 75021 | WizLab   | Learned a level 5 spell: Lee's Rapid Deconstruction
 75030 | WizLab   | Found a corrupted altar of Lugonu.
 75031 | WizLab   | Found the +1 cloak of Starlight {rElec rC+ EV+4 Stlth--}
 75055 | WizLab   | Found a transporter.
 75087 | WizLab   | Found a transporter.
 75142 | WizLab   | Found a transporter.
 75149 | WizLab   | Reached skill level 5 in Long Blades
 75177 | WizLab   | Found a transporter.
 75178 | WizLab   | Found a transporter.
 75219 | WizLab   | Found a transporter.
 75257 | WizLab   | Found a transporter.
 75262 | WizLab   | Got a jewelled cloak
 75273 | WizLab   | Identified the +1 cloak of the Moneychanger {Str+2} (You
                  | found it in a wizard's laboratory)
 75340 | WizLab   | Found a transporter.
 75462 | WizLab   | Found a corrupted altar of Lugonu.
 75470 | WizLab   | Found a transporter.
 75470 | WizLab   | Found a transporter.
 75502 | WizLab   | Found a transporter.
 75502 | WizLab   | Found a transporter.
 75601 | WizLab   | Got a wavering glass ring
 75603 | WizLab   | Identified the ring of Ziutuaju {rCorr Dex+7} (You found it
                  | in a wizard's laboratory)
 75612 | WizLab   | Found a transporter.
 75612 | WizLab   | Found a transporter.
 75709 | WizLab   | Found a transporter.
 75709 | WizLab   | Found a transporter.
 75727 | WizLab   | Identified Golubria's Handbook of Orientation
 75738 | WizLab   | Found a transporter.
 75738 | WizLab   | Found a transporter.
 75771 | WizLab   | Found a transporter.
 75889 | Vaults:3 | Noticed Jory
 75899 | Vaults:3 | Killed Jory
 76206 | Vaults:3 | Noticed Bai Suzhen
 76223 | Vaults:3 | Killed Bai Suzhen
 76784 | Vaults:3 | Noticed Saint Roka
 76793 | Vaults:3 | Identified Sif Muna's Catalogue of Hexes (Sif Muna gifted
                  | it to you on level 3 of the Vaults)
 76793 | Vaults:3 | Received a gift from Sif Muna
 76847 | Vaults:3 | Killed Saint Roka
 76847 | Vaults:3 | Reached skill level 17 in Spellcasting
 77319 | Vaults:3 | Reached XP level 20. HP: 120/120 MP: 27/43
 77324 | Vaults:3 | Found a staircase to the Crypt.
 77494 | Vaults:3 | Reached skill level 5 in Earth Magic
 77815 | Vaults:3 | Found a runed translucent door.
 77816 | Vaults:3 | Noticed astronautguy's ghost (master FoEE)
 77817 | Vaults:3 | Found a shimmering altar of Xom.
 77817 | Vaults:3 | Identified the cursed +1 war axe of the Nexus {chaos, rF+
                  | Int+5}
 78934 | Vaults:4 | Found an ancient bone altar of Kikubaaqudgha.
 79251 | Vaults:4 | Identified the Papyrus of the Doomed Entourage
 79919 | Vaults:5 | Entered Level 5 of the Vaults
 80303 | Vaults:5 | Identified Sif Muna's Compendium of Augmentations and Cold
                  | (Sif Muna gifted it to you on level 5 of the Vaults)
 80303 | Vaults:5 | Received a gift from Sif Muna
 80784 | Vaults:5 | Identified the Reference Book on Dislocated Malediction
 81543 | Vaults:5 | Got a jewelled morningstar
 81569 | Vaults:5 | Got a fine bronze ring
 81570 | Vaults:5 | Identified the ring of the Modern Blessings {rN+ MR+ Str+4
                  | Stlth+} (You took it off a vault guard on level 5 of the
                  | Vaults)
 81626 | Vaults:5 | Identified the cursed +3 morningstar of Infinity {crush,
                  | rPois MR++ MP-9 Int+3} (You found it on level 5 of the
                  | Vaults)
 82005 | Vaults:5 | Noticed a golden dragon
 82007 | Vaults:5 | Killed a golden dragon
 82007 | Vaults:5 | Reached skill level 10 in Summonings
 82471 | Vaults:5 | Noticed a golden dragon
 82477 | Vaults:5 | Killed a golden dragon
 82477 | Vaults:5 | Reached XP level 21. HP: 126/126 MP: 27/44
 82516 | Vaults:5 | Reached skill level 15 in Conjurations
 82821 | Vaults:5 | Got a silver rune of Zot
 82853 | Vaults:5 | Identified Sif Muna's Reference Book on Nocuous Slavery
 83130 | D:15     | Found a staircase to the Depths.
 83638 | D:15     | Identified Sif Muna's Compendium of Attacks (Sif Muna
                  | gifted it to you on level 15 of the Dungeon)
 83638 | D:15     | Received a gift from Sif Muna
 84104 | Depths:1 | Entered Level 1 of the Depths
 84159 | Depths:1 | Got a jewelled rapier
 84326 | Depths:1 | Learned a level 8 spell: Controlled Blink
 84355 | Depths:1 | Identified the +7 rapier of Amorality {elec, rElec rPois
                  | rN+ Stlth-} (You found it on level 1 of the Depths)
 84618 | Depths:1 | Found a gateway to Hell.
 84689 | Depths:2 | Noticed Sojobo
 84698 | Depths:2 | Killed Sojobo
 84971 | Depths:2 | Noticed Rupert
 84980 | Depths:2 | Killed Rupert
 84986 | Depths:2 | Found a basalt altar of Yredelemnul.
 85073 | Depths:2 | Found a one-way gate to the infinite horrors of the Abyss.
 85369 | Slime:1  | Entered Level 1 of the Pits of Slime
 85936 | Lair:6   | Reached skill level 18 in Spellcasting
 86199 | Slime:2  | Gained mutation: You are clumsy. (Dex -2) [a shining eye]
 86206 | Slime:2  | Gained mutation: Armour fits poorly on your strangely
                  | shaped body. [a shining eye]
 86860 | Slime:5  | Entered Level 5 of the Pits of Slime
 87004 | Slime:5  | Lost mutation: You are clumsy. (Dex -2) [a shining eye]
 87124 | Slime:5  | Identified Anweon's Tome of Creation (Sif Muna gifted it to
                  | you on level 5 of the Pits of Slime)
 87124 | Slime:5  | Received a gift from Sif Muna
 87323 | Slime:5  | Found a viscous altar of Jiyva.
 87324 | Slime:5  | Noticed the Royal Jelly
 87348 | Slime:5  | Killed the Royal Jelly
 87643 | Slime:5  | Got a wavering brass ring
 87669 | Slime:5  | Got an ancient lead amulet
 87683 | Slime:5  | Got a slimy rune of Zot
 87721 | Slime:5  | Identified the ring of Liberty {rElec rPois rF+ MR+} (You
                  | found it on level 5 of the Pits of Slime)
 87765 | Slime:5  | Got a dazzling short sword
 87766 | Slime:5  | Identified the cursed +1 short sword of Defence by Offence
                  | {speed, rF+ rN++} (You found it on level 5 of the Pits of
                  | Slime)
 87768 | Slime:5  | Identified the amulet "Weomorae" {Spirit Str+4} (You found
                  | it on level 5 of the Pits of Slime)
 89034 | Depths:2 | Noticed a golden dragon
 89047 | Depths:2 | Killed a golden dragon
 89051 | Depths:2 | Reached XP level 22. HP: 132/132 MP: 31/46
 89061 | Depths:2 | Reached skill level 10 in Translocations
 89361 | Depths:2 | Noticed a caustic shrike
 89367 | Depths:2 | Killed a caustic shrike
 89367 | Depths:2 | Reached skill level 10 in Earth Magic
 89487 | Depths:2 | Noticed a juggernaut
 89494 | Depths:2 | Killed a juggernaut
 89640 | Depths:2 | Reached skill level 5 in Short Blades
 89758 | Depths:2 | Noticed a juggernaut
 89765 | Depths:2 | Killed a juggernaut
 89765 | Depths:2 | Identified Sif Muna's Volume of Excruciating Calling (Sif
                  | Muna gifted it to you on level 2 of the Depths)
 89765 | Depths:2 | Received a gift from Sif Muna
 90382 | Depths:3 | Found a one-way gate leading to the halls of Pandemonium.
 90991 | Depths:3 | Identified the +4 robe of Watchfulness {Int+6}
 91023 | Depths:3 | You fall through a shaft!
 91024 | Depths:4 | Noticed a caustic shrike
 91024 | Depths:4 | Noticed a juggernaut
 91034 | Depths:4 | Killed a caustic shrike
 91035 | Depths:4 | Killed a juggernaut
 91269 | Depths:4 | Found a portal to a secret trove of treasure.
 91347 | Depths:3 | Noticed a caustic shrike
 91347 | Depths:3 | Noticed a golden dragon
 91356 | Depths:3 | Killed a golden dragon
 91378 | Depths:3 | Identified Sif Muna's Disquisition on Attacks (Sif Muna
                  | gifted it to you on level 3 of the Depths)
 91378 | Depths:3 | Received a gift from Sif Muna
 91462 | Depths:3 | Killed a caustic shrike
 91749 | Depths:3 | Found a transporter.
 92031 | Depths:3 | Found a transporter.
 92039 | Depths:3 | Noticed a golden dragon
 92040 | Depths:3 | Noticed a caustic shrike
 92041 | Depths:3 | Noticed a golden dragon
 92044 | Depths:3 | Noticed a juggernaut
 92056 | Depths:3 | Killed a golden dragon
 92062 | Depths:3 | Killed a juggernaut
 92074 | Depths:3 | Killed a caustic shrike
 92076 | Depths:3 | Reached skill level 19 in Spellcasting
 92146 | Depths:3 | Killed a golden dragon
 92238 | Depths:3 | Got a glittering lead ring
 92239 | Depths:3 | Identified the ring "Bablemit" {Slay+3 SInv Stlth-} (You
                  | found it on level 3 of the Depths)
 92594 | Depths:4 | Reached XP level 23. HP: 138/138 MP: 37/48
 92706 | Depths:4 | Got an encrusted shield
 92717 | Depths:4 | Identified the +2 shield of Feboli {rCorr} (You acquired it
                  | on level 4 of the Depths)
 93242 | Depths:4 | Got a scintillating steel ring
 93244 | Depths:4 | Identified the ring of Roskas {*Drain rF+ MR+ Str+5 SInv}
                  | (You found it on level 4 of the Depths)
 93422 | Depths:5 | Entered Level 5 of the Depths
 93507 | Depths:5 | Noticed a juggernaut
 93515 | Depths:5 | Killed a juggernaut
 93728 | Depths:5 | Found a gateway to a ziggurat.
 93764 | Depths:5 | Noticed an ancient lich
 93793 | Depths:5 | Killed an ancient lich
 94325 | Depths:5 | Identified Sif Muna's Disquisition on Bewitching
                  | Augmentations (Sif Muna gifted it to you on level 5 of the
                  | Depths)
 94325 | Depths:5 | Received a gift from Sif Muna
 94485 | Depths:5 | Found a gate to the Realm of Zot.
 94596 | Zot:1    | Entered Level 1 of the Realm of Zot
 95907 | Zot:1    | Identified the +4 dragonskin cloak
 95907 | Zot:1    | Noticed Tiamat
 95919 | Zot:1    | Killed Tiamat
 97038 | Zot:2    | Noticed a Killer Klown
 97047 | Zot:2    | Killed a Killer Klown
 97050 | Zot:2    | Noticed a curse toe
 97057 | Zot:2    | Killed a curse toe
 97683 | Zot:2    | Identified Sif Muna's Grimoire of Icy Beguiling (Sif Muna
                  | gifted it to you on level 2 of the Realm of Zot)
 97683 | Zot:2    | Received a gift from Sif Muna
 97832 | Zot:2    | Reached XP level 24. HP: 141/145 MP: 21/48
 98186 | Zot:2    | Reached skill level 20 in Spellcasting
 98983 | Zot:3    | Reached skill level 15 in Translocations
101008 | Zot:4    | Received a gift from Sif Muna
101781 | Zot:4    | Learned a level 8 spell: Lehudib's Crystal Spear
102060 | Zot:5    | Entered Level 5 of the Realm of Zot
102334 | Zot:5    | Noticed an orb of fire
102334 | Zot:5    | Noticed an orb of fire
102337 | Zot:5    | Gained mutation: You are dopey. (Int -2) [an orb of fire]
102340 | Zot:5    | Killed an orb of fire
102348 | Zot:5    | Gained mutation: You are partially covered in slimy green
                  | scales. (AC +2) [an orb of fire]
102349 | Zot:5    | Killed an orb of fire
102964 | Zot:5    | Noticed an orb of fire
102970 | Zot:5    | Gained mutation: You are very dopey. (Int -4) [an orb of
                  | fire]
102973 | Zot:5    | Killed an orb of fire
102976 | Zot:5    | Noticed an orb of fire
103039 | Zot:5    | Noticed an orb of fire
103042 | Zot:5    | Noticed an orb of fire
103043 | Zot:5    | Noticed an orb of fire
103044 | Zot:5    | Gained mutation: You are weak. (Str -2) [an orb of fire]
103044 | Zot:5    | Noticed an orb of fire
103044 | Zot:5    | Gained mutation: You are clumsy. (Dex -2) [an orb of fire]
103045 | Zot:5    | Killed an orb of fire
103045 | Zot:5    | Reached skill level 21 in Spellcasting
103045 | Zot:5    | Reached XP level 25. HP: 145/152 MP: 21/50
103054 | Zot:5    | HP: 3/152 [orb of fire/fireball (23)]
103057 | Zot:5    | Killed from afar by an orb of fire

Skill      XL: |  1  2  3  4  5  6  7  8  9 10 11 12 13 14 15 16 17 18 19 20 21 22 23 24 |
---------------+-------------------------------------------------------------------------+-----
Dodging        | 3 4 5 6 7 8 9 10 11 12 13 14 15 16 17 18 19 | 19.5
Spellcasting   | 4 5 6 7 8 9 10 11 12 13 14 15 16 17 18 19 21 | 21.0
Conjurations   | 1 2 3 4 5 6 7 8 9 10 11 12 13 14 15 16 17 | 17.4
Hexes          | 5 6 7 8 9 10 11 12 13 14 15 16 17 | 17.2
Fighting       | 1 3 4 5 6 7 8 9 10 11 12 13 14 | 14.0
Stealth        | 4 |  4.2
Short Blades   | 2 4 6 7 9 |  9.0
Shields        | 3 5 |  5.0
Invocations    | 2 4 6 7 8 9 10 11 12 13 14 | 14.8
Fire Magic     | 3 5 7 8 9 10 | 10.0
Charms         | 3 5 7 9 10 | 10.0
Air Magic      | 2 4 5 |  5.8
Long Blades    | 3 4 5 6 7 |  7.1
Summonings     | 3 6 7 9 10 11 | 11.2
Translocations | 2 5 7 9 12 14 15 | 15.0
Evocations     | 1 4 |  4.8
Earth Magic    | 4 8 9 11 | 11.0

Action                   |  1- 3 |  4- 6 |  7- 9 | 10-12 | 13-15 | 16-18 | 19-21 | 22-24 | 25-27 || total
-------------------------+-------+-------+-------+-------+-------+-------+-------+-------+-------++-------
Melee: Dagger            |    92 |   135 |   224 |   142 |   114 |       |       |       |       ||   707
       Staff             |       |       |    30 |   100 |   181 |    10 |     3 |     3 |       ||   327
       Unarmed           |       |       |       |       |     9 |       |       |       |       ||     9
       Long sword        |       |       |       |       |   132 |    71 |   124 |       |       ||   327
       Rapier            |       |       |       |       |       |       |    51 |    32 |       ||    83
Throw: Stone             |       |     3 |       |       |       |       |       |       |       ||     3
       Javelin           |       |       |     5 |       |     3 |     2 |       |       |       ||    10
       Tomahawk          |       |       |     2 |       |       |       |       |       |       ||     2
 Cast: Corona            |     1 |       |     4 |    23 |    19 |     1 |       |       |       ||    48
       Ensorcelled Hiber |    16 |    42 |    44 |    10 |     4 |       |       |       |       ||   116
       Confuse           |       |     9 |    61 |   178 |   257 |    25 |       |       |       ||   530
       Dazzling Spray    |       |     3 |    50 |   217 |   271 |       |       |       |       ||   541
       Tukima's Dance    |       |     2 |    15 |     2 |    70 |     7 |    19 |       |       ||   115
       Sticky Flame      |       |       |     8 |   123 |   283 |    56 |       |       |       ||   470
       Fireball          |       |       |       |     4 |     6 |       |       |       |       ||    10
       Swiftness         |       |       |       |     2 |       |     1 |       |       |       ||     3
       Bolt of Fire      |       |       |       |       |    76 |    29 |       |       |       ||   105
       Apportation       |       |       |       |       |    11 |    25 |    30 |    15 |       ||    81
       Blink             |       |       |       |       |     8 |     5 |     9 |     2 |       ||    24
       Deflect Missiles  |       |       |       |       |     7 |     2 |     8 |     4 |       ||    21
       Conjure Flame     |       |       |       |       |     1 |       |       |       |       ||     1
       Iskenderun's Myst |       |       |       |       |    76 |   302 |       |       |       ||   378
       Iskenderun's Batt |       |       |       |       |    17 |   123 |       |       |       ||   140
       Airstrike         |       |       |       |       |       |    89 |    13 |       |       ||   102
       Orb of Destructio |       |       |       |       |       |    98 |    98 |   105 |       ||   301
       Spellforged Servi |       |       |       |       |       |    68 |   156 |   128 |       ||   352
       Discord           |       |       |       |       |       |    11 |    36 |    32 |     1 ||    80
       Iron Shot         |       |       |       |       |       |       |   231 |   221 |       ||   452
       Lee's Rapid Decon |       |       |       |       |       |       |     2 |    18 |       ||    20
       Summon Butterflie |       |       |       |       |       |       |     1 |     1 |       ||     2
       Lehudib's Crystal |       |       |       |       |       |       |       |     4 |     1 ||     5
       Controlled Blink  |       |       |       |       |       |       |       |       |     1 ||     1
Invok: Forget Spell      |       |       |       |       |     2 |     2 |     3 |       |       ||     7
       Channel Magic     |       |       |       |       |       |     6 |     3 |     9 |       ||    18
Evoke: Wand              |       |       |       |     3 |     2 |    20 |       |     3 |       ||    28
  Use: Scroll            |       |     5 |    10 |     6 |    13 |    25 |    11 |     9 |     1 ||    80
       Potion            |       |       |     1 |       |     1 |     7 |     3 |     1 |     3 ||    16
 Stab: Sleeping          |    14 |    35 |    32 |    11 |     5 |       |     2 |       |       ||    99
       Confused          |       |     7 |    19 |    33 |    50 |       |       |       |       ||   109
       Invisible         |       |       |     2 |     6 |     5 |       |       |       |       ||    13
       Distracted        |       |       |       |     1 |       |       |     2 |       |       ||     3
  Eat: Chunk             |     4 |     4 |    10 |    18 |    36 |    48 |    85 |    34 |       ||   239
       Ration            |       |     2 |     3 |     7 |    17 |    17 |    12 |    14 |       ||    72
Armor: Robe              |    13 |    18 |    38 |    38 |    76 |    69 |    66 |    23 |       ||   341
       Steam dragon scal |       |       |       |       |    56 |       |       |       |       ||    56
Dodge: Dodged            |    46 |    88 |   217 |   423 |   901 |   436 |   391 |   200 |     3 ||  2705
       Deflected         |       |       |       |       |    31 |    30 |    55 |    51 |       ||   167
Block: Buckler           |       |       |    37 |   113 |   247 |   171 |   291 |   114 |       ||   973
       Reflection        |       |       |       |       |       |    25 |    62 |    23 |       ||   110
       Rpst.: Long sword |       |       |       |       |    20 |     8 |    16 |       |       ||    44
